Map: [ESL] Royal Blood

Players

Dark

  • Race: Zerg Zerg

Neeb - Winner!

  • Race: Protoss Protoss
  • League: Master

Event: IEM Katowice 2023

VOD

Have the link to the VOD?

Description

Time

  • Played on: Feb. 11, 2023, 5:27 a.m.
  • Length: 9:31

All games in this series

Show
View Real Time Build Order
Export as new Build Order

Dark Zerg 

Build Orders: Hatch First, Zergling Baneling 

Get SALT Encoding   

  12  0:00  Drone  
  13  0:11  Overlord  
  13  0:17  Drone  
  14  0:30  Drone x2  
  14  0:34  Drone  
  17  0:54  Hatchery  
  17  0:56  Drone  
  17  1:00  Drone  
  18  1:10  Extractor  
  17  1:16  Spawning Pool  
  16  1:20  Drone  
  16  1:23  Drone  
  18  1:29  Drone  
  19  1:38  Drone  
  20  2:06  Spine Crawler  
  20  2:07  Zergling x2  
  20  2:08  Spine Crawler  
  20  2:09  Queen  
  20  2:12  Spine Crawler  
  20  2:16  Metabolic Boost  
  20  2:21  Zergling x2  
  21  2:26  Zergling x2  
  21  2:28  Zergling x2  
  23  2:33  Zergling x2  
  24  2:37  Zergling x2  
  25  2:47  Zergling x6  
  27  3:00  Baneling Nest  
  27  3:03  Zergling x4  
  28  3:10  Overlord  
  28  3:12  Overlord  
  28  3:29  Drone x2  
  28  3:31  Queen  
  32  3:40  Zergling x4  
  34  3:44  Zergling x2  
  35  4:00  Baneling x6  
  35  4:01  Zergling x4  
  37  4:07  Baneling  
  37  4:10  Zergling x4  
  36  4:28  Zergling x10  
  31  4:40  Baneling x3  
  31  4:41  Zergling x4  
  31  4:43  Zergling x2  
  34  4:48  Drone  
  35  4:58  Queen  
  37  5:17  Hatchery  
  36  5:25  Drone  
  36  5:26  Drone x2  
  39  5:33  Drone x2  
  41  5:42  Zergling x6  
  43  5:55  Zergling x2  
  43  5:59  Overlord  
  43  6:01  Overlord  
  43  6:07  Zergling x2  
  44  6:18  Drone x3  
  47  6:21  Drone  
  47  6:22  Drone  
  49  6:28  Zergling x2  
  49  6:31  Queen  
  52  6:34  Zergling x4  
  54  6:46  Zergling x10  
  59  6:48  Zergling x2  
  59  6:53  Overlord  
  60  6:58  Overlord  
  60  7:11  Queen  
  62  7:17  Zergling x4  
  62  7:20  Baneling x4  
  62  7:22  Queen  
  65  7:24  Spore Crawler  
  65  7:26  Spore Crawler  
  63  7:32  Drone  
  63  7:34  Spore Crawler  
  47  7:47  Zergling x8, Spore Crawler  
  47  7:51  Zergling x2  
  17  8:41  Drone  
  18  9:01  Drone  
  18  9:15  Drone  
Show
View Real Time Build Order
Export as new Build Order

Neeb Protoss - Winner!

Build Orders: 1 Gate Expand, Archon Immortal 

Get SALT Encoding   

  12  0:00  Probe  
  13  0:12  Probe  
  14  0:17  Pylon  
  14  0:24  Probe (Chrono Boost)  
  15  0:36  Probe (Chrono Boost)  
  15  0:39  Gateway  
  16  0:45  Probe (Chrono Boost)  
  16  0:48  Assimilator  
  17  0:51  Probe  
  18  1:03  Probe  
  19  1:15  Probe  
  20  1:24  Nexus  
  20  1:35  Cybernetics Core  
  20  1:37  Probe  
  21  1:44  Assimilator  
  21  1:49  Probe  
  21  1:51  Pylon  
  22  2:01  Probe (Chrono Boost)  
  23  2:11  Probe (Chrono Boost), Adept (Chrono Boost)  
  23  2:12  Robotics Facility  
  26  2:26  Pylon  
  26  2:34  Adept  
  26  2:35  Shield Battery  
  28  2:47  Gateway  
  28  2:58  Immortal (Chrono Boost)  
  32  3:11  Gateway  
  32  3:19  Pylon  
  32  3:31  Immortal (Chrono Boost)  
  36  3:45  Cybernetics Core  
  36  3:49  Zealot  
  36  3:55  Pylon  
  38  4:02  Pylon  
  38  4:04  Observer  
  39  4:26  Immortal (Chrono Boost)  
  40  4:34  Shield Battery  
  40  4:41  Gateway  
  40  4:50  Sentry  
  42  4:55  Shield Battery  
  41  5:07  Warp Prism  
  41  5:11  Warp Gate (Chrono Boost)  
  43  5:17  Observer  
  43  5:19  Observer  
  43  5:22  Twilight Council  
  43  5:31  Sentry  
  43  5:33  Probe  
  46  5:39  Pylon  
  46  5:53  Observer  
  46  5:57  Immortal  
  50  6:04  Dark Shrine  
  50  6:22  Pylon  
  50  6:56  Zealot x3  
  56  7:05  Nexus  
  56  7:08  Pylon  
  55  7:21  Dark Templar x2  
  55  7:22  Dark Templar  
  59  7:26  Immortal  
  51  7:56  Adept  
  51  7:57  Zealot x2  
  45  8:11  Warp Prism (Chrono Boost)  
  34  8:22  Dark Templar x2  
  38  8:34  Dark Templar  
  40  8:53  Nexus  
  40  8:54  Archon  
  40  8:56  Archon  
  38  9:06  Zealot, Sentry  
  42  9:10  Zealot  
  42  9:11  Probe  
  45  9:18  Pylon  

Tags
 
Add a new tag
Caveats
  • Supply blocks, unpowered buildings, or Contaminate may cause inaccurate times.
  • Supply counts are checked every 10 seconds.